AoeStats
← oveou

Arabia

507722676Analyzed
1v1 RM · 14d ago on Sep 19, 2026· 39m 25s· 2 players
Game mode
Random Map
Map size
Tiny (2 player)
Population
200
Speed
Normal
Resources
Standard
Victory
Conquest
Starting age
Dark Age
Ending age
Imperial Age
RankedLock teamsTeams togetherTeam positionsShared explorationLock speedFull tech treeHidden civsTurbo modeCheats
Victory
Defeat
🇹🇷 Hindustanis · Türkiye
1063
+15
🇨🇳 Vikings · China
1050
-15
oveou
6:28 Loom
10:06 Feudal Age
11:33 Double-Bit Axe
11:43 Horse Collar
19:16 Castle Age
17:51 Fletching
19:16 Padded Archer Armor
19:28 Crossbowman
22:14 Gold Mining
23:38 Bodkin Arrow
26:23 Leather Archer Armor
35:08 Squires
34:54 Arson
36:17 Ballistics
37:09 Scale Mail Armor
Avukator
7:20 Loom
9:36 Feudal Age
11:31 Double-Bit Axe
13:05 Gold Mining
15:09 Fletching
15:20 Padded Archer Armor
18:25 Wheelbarrow
19:30 Horse Collar
23:59 Castle Age
23:28 Forging
24:45 Bodkin Arrow
24:13 Elite Skirmisher
25:01 Thumb Ring
27:52 Hand Cart
27:23 Town Watch
30:57 Leather Archer Armor
35:07 Imperial Age
34:54 Stone Mining
Connection lost

Rejoining the realm…

Still unreachable

The connection could not be restored.

Session expired

The server has moved on; the page needs a fresh start.